 Dungeon Crawl Stone Soup version 0.30-a0-142-g7370640ec8 (webtiles) character file.

Game seed: 14892333669828631530

0 Ghostare the Grave Robber (level 1, 0/14 HPs)
             Began as a Hill Orc Necromancer on Sept 26, 2022.
             Slain by a goblin
             ... wielding a +0 club
              (3 damage)
             ... on level 1 of the Dungeon.
             The game lasted 00:01:08 (40 turns).

Ghostare the Grave Robber (Hill Orc Necromancer)      Turns: 40, Time: 00:01:09

Health: 0/14       AC: 10    Str: 10    XL:     1   Next: 0%
Magic:  1/3        EV:  1    Int: 15    God:
Gold:   7          SH:  0    Dex: 11    Spells: 2/3 levels left

rFire   . . .      SeeInvis .    (no weapon)
rCold   . . .      Faith    .    (no shield)
rNeg    . . .      Spirit   .    c - +0 plate armour
rPois   .          Reflect  .    (no helmet)
rElec   .          Harm     .    (no cloak)
rCorr   .          Rampage  .    (no gloves)
Will    .....                    (no boots)
Stlth   ..........               (no amulet)
HPRegen 0.04/turn                (no ring)
MPRegen 0.08/turn                (no ring)

@: very slightly contaminated
A: no striking features
a: no special abilities


You were on level 1 of the Dungeon.
You visited 1 branch of the dungeon, and saw 1 of its levels.

You collected 7 gold pieces.

Inventory:

Armour
 a - a +0 robe
 c - a +0 plate armour (worn)
Potions
 b - a potion of magic


   Skills:
 + Level 1.5 Dodging
 + Level 1.5 Stealth
 + Level 1.5 Spellcasting
 + Level 4.0 Necromancy


You had 2 spell levels left.
You knew the following spells:

 Your Spells              Type           Power      Damage    Failure   Level
a - Necrotise             Necr           52%        1d6       100%        1

Your spell library contained the following spells:

 Spells                   Type           Power      Damage    Failure   Level
 Vampiric Draining        Necr           13%        2d6       100%        3
 Animate Dead             Necr           13%        N/A       100%        4
 Agony                    Necr           13%        N/A       100%        5


Dungeon Overview and Level Annotations

Branches:
Dungeon (1/15)

Altars:


Message History

You finish taking off your +0 robe.
You start putting on your armour.
You continue putting on your +0 plate armour. x4
The goblin shouts!
You continue putting on your +0 plate armour.
You finish putting on your +0 plate armour.
There is a staircase leading out of the dungeon here.
You hit the plant.
The plant begins to die.
The plant is lightly damaged.
The goblin hits you with a +0 club.
You closely miss the goblin. The goblin hits you but does no damage.
Sorry, you're not good enough to have a special ability.
Sorry, you're not good enough to have a special ability.
Casting: Necrotise (safe; 100% risk of failure)
Confirm with . or Enter, or press ? or * to list all spells.
Aiming: Necrotise (safe; 100% risk of failure)
Press: ? - help, Shift-Dir - straight line, f - goblin
Aim: a goblin, wielding a +0 club (chance to affect: 83%)
You miscast Necrotise.
You are very lightly contaminated with residual magic.
Nothing appears to happen.
A nearby plant withers and dies.
The goblin hits you with a +0 club.
Casting: Necrotise (safe; 100% risk of failure)
Confirm with . or Enter, or press ? or * to list all spells.
Aiming: Necrotise (safe; 100% risk of failure)
Press: ? - help, Shift-Dir - straight line, f/p - goblin
Aim: a goblin, wielding a +0 club (chance to affect: 83%)
You miscast Necrotise.
Nothing appears to happen.
The goblin hits you with a +0 club. The goblin hits you but does no damage.
Keep disrobing?
You start removing your armour.
You continue taking off your +0 plate armour.
The goblin hits you with a +0 club.
* * * LOW HITPOINT WARNING * * *
You continue taking off your +0 plate armour.
The goblin hits you but does no damage.
You continue taking off your +0 plate armour.
The goblin hits you with a +0 club.
You die...
PPPPPPPPPPPP# PP.....PPPPP# ..PPPPP..PPP# PPP...PP..PP# PP.PPP.PP..P# P.PP.PP.P..P# .PP.P.PP.P.P# .P.PPP.P.PgP# .PP.P.PP.P@P# P.PP.PP.P..P# P.PPP.PP.PP# P...PPP.PP# PPPP..PPP# ....PPPPP# PPPPPPPPP# PPPPPPPPP# ##########

You could see a goblin.

Vanquished Creatures (others)
  4 plants (D:1)
4 creatures vanquished.

Notes
Turn   | Place    | Note
-------+----------+-------------------------------------------
     0 | D:1      | Ghostare the Hill Orc Necromancer began the quest for the
                  | Orb.
     0 | D:1      | Reached XP level 1. HP: 14/14 MP: 3/3
    40 | D:1      | Slain by a goblin

Illustrated notes

Levels and vault maps discovered:
D:1:      roderic_crop_circles_arrival_small, layout_basic,
          chequers_ecumenical_altar_island

Action                   || total
-------------------------++-------
Melee: Unarmed           ||     6
Armor: Plate armour      ||     3

Table legend: (Time is in decaauts)
 A = Elapsed time spent in this place.
 B = Non-inter-level travel time spent in this place.
 C = Inter-level travel time spent in this place.
 D = Time resting spent in this place.
 E = Time spent auto-exploring this place.
 F = Levels seen in this place.
 G = Mean time per level.
                   A        B        C        D        E       F      G
               +--------+--------+--------+--------+--------+-----+--------+
         Total |     40 |     40 |      0 |      0 |      0 |   1 |   40.0 |
       Dungeon |     40 |     40 |      0 |      0 |      0 |   1 |   40.0 |
               +--------+--------+--------+--------+--------+-----+--------+

Top non-repeatable levels by time:
     D:1: 40 daAuts
